 Dungeon Crawl Stone Soup version 0.27.1-1-g398f81649c (webtiles) character file.

Game seed: 13575704391938118215

5698 ZARRMARR the Spear-Bearer (level 10, -8/66 HPs)
             Began as an Octopode Conjurer on Sept 11, 2021.
             Was a Believer of Sif Muna.
             Splashed by an acid dragon's acid (16 damage)
             ... on level 11 of the Dungeon.
             The game lasted 01:14:01 (15499 turns).

ZARRMARR the Spear-Bearer (Octopode Conjurer)      Turns: 15499, Time: 01:14:04

Health: -8/66      AC:  1    Str:  7    XL:     10   Next: 76%
Magic:  17/17      EV: 19    Int: 29    God:    Sif Muna [**....]
Gold:   572        SH:  0    Dex: 16    Spells: 14/19 levels left

rFire    + . .     SeeInvis +   P - +9 glaive "Waxtaczo" {protect, Int+5 SInv}
rCold    . . .     Faith    .   (shield currently unavailable)
rNeg     . . .     Spirit   .   v - +1 hat "Moil" {Stlth+}
rPois    +         Reflect  .   Q - amulet of magic regeneration
rElec    .         Harm     .   n - +4 ring of slaying
rCorr    .         Rampage  .   s - +4 ring of protection
Will     .....                  (no ring)
Stlth    ++++++....             u - +6 ring of dexterity
HPRegen  0.21/turn              F - ring of protection from fire
MPRegen  0.40/turn              (no ring)
                                l - ring of Jieleint {Fly rPois EV+4}
                                (no ring)

@: corroded, under a protective aura, flying, studying Polearms
A: almost no armour, amphibious, 8 rings, camouflage 1, gelatinous body 1,
(nimble swimmer 1), tentacles
a: Renounce Religion, Channel Magic


You were on level 11 of the Dungeon.
You worshipped Sif Muna.
Sif Muna was pleased with you.
You visited 2 branches of the dungeon, and saw 12 of its levels.
You also visited: Ossuary.

You collected 572 gold pieces.

Inventory:

Hand Weapons
 N - a +5 trident of venom
 P - the +9 glaive "Waxtaczo" (weapon) {protect, Int+5 SInv}
   (You acquired it on level 9 of the Dungeon)

   It grants its wielder temporary protection when it strikes (+7 to AC).
   Int:       It affects your intelligence (+5).
   SInv:      It lets you see invisible.
Missiles
 r - a throwing net (quivered)
Armour
 v - the +1 hat "Moil" (worn) {Stlth+}
   (You found it on level 10 of the Dungeon)

   Stlth:     It makes you more stealthy.
Jewellery
 f - a ring of ice
 l - the ring of Jieleint (on tentacle) {Fly rPois EV+4}
   (You acquired it on level 9 of the Dungeon)

   [ring of evasion]

   EV:        It affects your evasion (+4).
   rPois:     It protects you from poison.
   Fly:       It grants you flight.
 n - a +4 ring of slaying (left tentacle)
 s - a +4 ring of protection (right tentacle)
 t - a ring of poison resistance
 u - a +6 ring of dexterity (on tentacle)
 F - a ring of protection from fire (on tentacle)
 H - a ring of see invisible
 Q - an amulet of magic regeneration (around mantle)
Wands
 m - a wand of polymorph (6)
 x - a wand of charming (5)
Scrolls
 a - 2 scrolls of immolation
 b - 3 scrolls of enchant armour
 g - 3 scrolls of teleportation
 h - 3 scrolls of vulnerability
 i - a scroll of amnesia
 p - a scroll of silence
 q - a scroll of torment
 y - a scroll of blinking {unknown}
 B - 3 scrolls of magic mapping
 G - 2 scrolls of holy word {unknown}
 I - a scroll of fog {unknown}
 O - a scroll of enchant weapon {unknown}
Potions
 c - 5 potions of attraction
 d - 2 potions of mutation
 e - a potion of degeneration {unknown}
 j - 2 potions of flight {unknown}
 k - 3 potions of heal wounds
 o - a potion of might {unknown}
 w - a potion of resistance {unknown}
 z - 2 potions of lignification {unknown}
 A - 2 potions of magic {unknown}
 C - 2 potions of ambrosia {unknown}
 D - a potion of haste {unknown}
 E - 6 potions of curing
 J - a potion of berserk rage {unknown}
 L - 3 potions of brilliance
Miscellaneous
 K - a phantom mirror
 M - a lightning rod (4/4)


   Skills:
 - Level 5.0 Fighting
 * Level 11.5 Polearms
 - Level 5.4 Dodging
 - Level 7.8 Stealth
 - Level 5.0 Spellcasting
 - Level 4.0 Conjurations
 + Level 6.9 Hexes
 - Level 0.8 Invocations
 - Level 5.0 Evocations


You had 14 spell levels left.
You knew the following spells:

 Your Spells              Type           Power      Damage    Failure   Level
a - Magic Dart            Conj           100%       1d8       1%          1
b - Cause Fear            Hex            23%        N/A       3%          4

Your spell library contained the following spells:

 Spells                   Type           Power      Damage    Failure   Level
 Searing Ray              Conj           60%        3d5       1%          2
 Slow                     Hex            47%        N/A       1%          2
 Dazzling Flash           Conj/Hex       78%        N/A       1%          3
 Foxfire                  Conj/Fire      72%        2x1d7     2%          1
 Shock                    Conj/Air       72%        1d7       2%          1
 Inner Flame              Hex/Fire       27%        N/A       4%          3
 Fulminant Prism          Conj/Hex       19%        3d11      6%          4
 Conjure Flame            Conj/Fire      18%        6-21      9%          3
 Corpse Rot               Necr/Air       N/A        N/A       10%         2
 Poisonous Vapours        Pois/Air       14%        N/A       10%         2
 Swiftness                Air            7%         N/A       19%         3
 Iskenderun's Mystic Bla  Conj/Tloc      18%        2d6       26%         4
 Invisibility             Hex            23%        N/A       50%         6
 Airstrike                Air            3%         N/A       52%         4
 Freezing Cloud           Conj/Ice/Air   7%         6-21      69%         5
 Alistair's Intoxication  Tmut/Pois      4%         N/A       86%         5
 Borgnjor's Vile Clutch   Necr/Erth      3%         N/A       86%         5
 Manifold Assault         Tloc           7%         N/A       86%         5
 Eringya's Noxious Bog    Tmut/Pois      3%         N/A       100%        6


Dungeon Overview and Level Annotations

Branches:
Dungeon (11/15)            Temple (1/1) D:7             Orc (0/2) D:11
Ossuary (visited)
   Lair: D:8-11

Altars:
Ashenzari
Cheibriados
Dithmenos
Elyvilon
Fedhas
Gozag
Hepliaklqana
Kikubaaqudgha
Makhleb
Nemelex Xobeh
Okawaru
Qazlal
Ru
Sif Muna
Trog
Uskayaw
Vehumet
Wu Jian
Xom
Yredelemnul
Zin
The Shining One

Annotations:
D:2 exclusion: 2 downstairs
D:4 exclusion: downstairs
D:7 exclusions: boulder beetle and downstairs
D:8 Maggie
D:9 exclusions: downstairs, two-headed ogre and upstairs
D:11 exclusions: phantom, shadow and 4 zombies


Innate Abilities, Weirdness & Mutations

You cannot wear most types of armour.
You are amphibious.
You can wear up to eight rings at the same time.
Your skin changes colour to match your surroundings (Stealth+).
Your rubbery body absorbs attacks. (AC +1, EV +1)
((You are camouflaged near water. (Stealth+)))
You have tentacles for arms and can constrict up to eight enemies at once.


Message History

Found a broken altar of Ashenzari.
Found a stone staircase leading up.
You see here 20 arrows.
You reach down and open the door.
There is an open door here.
An acid dragon comes into view.
The acid dragon roars!
The acid dragon spits acid at you. The splash of acid hits you!
The acid corrodes you!
You are splashed with acid!
You start resting.
An acid dragon is nearby!
You hit the acid dragon.
Your weapon exudes an aura of protection.
Your squeeze misses the acid dragon.
The acid dragon is lightly wounded.
The acid dragon barely misses you. The acid dragon misses you.
You hit the acid dragon. You squeeze the acid dragon.
The acid dragon is heavily wounded.
The acid dragon closely misses you. The acid dragon misses you.
You closely miss the acid dragon.
The acid dragon is heavily wounded.
The acid dragon completely misses you. x2; The acid dragon bites you.
The acid dragon misses you.
You completely miss the acid dragon. You squeeze the acid dragon!
The acid dragon is severely wounded.
The acid dragon spits acid at you. The splash of acid hits you!
The acid corrodes you!
You are splashed with acid!
You barely miss the acid dragon.
The acid dragon is severely wounded.
The acid dragon closely misses you. The acid dragon barely misses you.
You hit the acid dragon.
The acid dragon is almost dead.
The acid dragon bites you! The acid dragon misses you.
You closely miss the acid dragon.
The acid dragon is almost dead.
The acid dragon spits acid at you. The splash of acid hits you!
* * * LOW HITPOINT WARNING * * *
The acid corrodes you!
You are splashed with acid!
You die...

#.....................
##################'###
#................)))#
#.....###..........)#
+########'.###..#####'##
.............##.........
..............#.........
...........#####........
.......@...#...#........
#####+##D..+._.#...##(..
D.........#...#....#..#
..........#####....#...
#########....#..##+#...
....##.........
#.###..##......
###....##......
<..............


You could see an acid dragon (catching breath).

Vanquished Creatures
  A two-headed ogre (D:9)
  Pikel (D:8)
  11 yaks
  A wyvern (D:9)
  A steam dragon (D:9)
  4 vampire mosquitoes (D:10)
  An acid dragon (D:9)
  An ice beast (D:6)
  An orc warrior (D:11)
  2 centaurs (D:9)
  4 lemures (D:8)
  An elf zombie (Ossuary)
  A kobold brigand (D:7)
  3 scorpions
  A wyvern zombie (D:9)
  A gnoll sergeant (D:5)
  A water moccasin skeleton (D:4)
  4 wights (D:7)
  2 howler monkeys (D:8)
  3 centaur zombies
  2 gnoll shamans (D:7)
  A human zombie (Ossuary)
  2 jellies
  6 orc priests
  2 hounds
  3 iguanas
  7 orc wizards
  2 killer bee zombies
  An ogre zombie (D:11)
  2 hound zombies (Ossuary)
  4 mummies (Ossuary)
  A howler monkey zombie (D:4)
  16 gnolls
  2 adders
  An ufetubus (D:6)
  3 adder zombies (Ossuary)
  An adder skeleton (D:4)
  2 worms
  2 dart slugs
  17 orcs
  9 ball pythons
  10 endoplasms
  4 giant cockroaches
  3 goblins
  7 hobgoblins
  9 jackals
  14 kobolds
  A quokka (D:2)
  6 bats
  4 frilled lizards
  A goblin skeleton (D:11)
  A goblin zombie (D:11)
  A hobgoblin skeleton (D:11)
  A jackal zombie (Ossuary)
  3 kobold zombies (Ossuary)
  An orc skeleton (D:11)
  3 orc zombies (D:11)
  2 rats
  A rat zombie (Ossuary)
203 creatures vanquished.

Vanquished Creatures (collateral kills)
  A gnoll sergeant (D:9)
  A gnoll (D:9)
2 creatures vanquished.

Vanquished Creatures (others)
  A two-headed ogre (D:9)
1 creature vanquished.

Grand Total: 206 creatures vanquished

Notes
Turn   | Place    | Note
-------+----------+-------------------------------------------
     0 | D:1      | ZARRMARR the Octopode Conjurer began the quest for the Orb.
     0 | D:1      | Reached XP level 1. HP: 11/11 MP: 3/3
   537 | D:1      | Reached XP level 2. HP: 2/18 MP: 3/5
  1702 | D:2      | Reached skill level 1 in Fighting
  1724 | D:2      | Reached XP level 3. HP: 14/23 MP: 0/6
  2370 | D:2      | Found a faded altar of an unknown god.
  2969 | D:2      | Reached XP level 4. HP: 28/28 MP: 0/7
  3922 | D:3      | Reached skill level 1 in Evocations
  3922 | D:3      | Reached XP level 5. HP: 30/34 MP: 0/9
  4045 | D:3      | Found a snail-covered altar of Cheibriados.
  4642 | D:4      | Reached XP level 6. HP: 20/41 MP: 0/10
  5075 | D:4      | Found an ancient bone altar of Kikubaaqudgha.
  5077 | D:4      | Found a shimmering altar of Xom.
  5077 | D:4      | Found a shimmering altar of Xom.
  5087 | D:4      | Found a blossoming altar of Fedhas.
  5087 | D:4      | Found a sacrificial altar of Ru.
  5087 | D:4      | Found a stormy altar of Qazlal.
  5386 | D:4      | Reached skill level 5 in Stealth
  5959 | D:5      | Entered Level 5 of the Dungeon
  6518 | D:5      | Reached XP level 7. HP: 46/46 MP: 4/12
  7642 | D:6      | Found a radiant altar of Vehumet.
  7670 | D:6      | Found a glowing golden altar of the Shining One.
  8023 | D:6      | Found a sparkling altar of Nemelex Xobeh.
  8058 | D:6      | Reached XP level 8. HP: 49/54 MP: 7/14
  8205 | D:7      | HP: 2/51 [wight (17)]
  8325 | D:7      | Noticed a boulder beetle
  8654 | D:7      | Found a sand-covered staircase.
  8658 | Ossuary  | Entered an ossuary
  9158 | Ossuary  | Identified a scroll of acquirement
  9159 | Ossuary  | Acquired ZARRMARR's Papyrus of Bewitchment and the Voyage
  9501 | D:7      | Reached skill level 1 in Hexes
  9824 | D:7      | Reached skill level 5 in Dodging
  9831 | D:7      | Found a staircase to the Ecumenical Temple.
  9840 | Temple   | Entered the Ecumenical Temple
 10045 | Temple   | Became a worshipper of Sif Muna the Loreminder
 10201 | D:8      | Noticed Maggie
 10247 | D:8      | Noticed Pikel
 10272 | D:8      | Killed Pikel
 10273 | D:8      | Reached XP level 9. HP: 39/59 MP: 14/16
 10780 | D:9      | Noticed a two-headed ogre
 11003 | D:9      | Found an opulent altar of Gozag.
 11003 | D:9      | Found a stormy altar of Qazlal.
 11004 | D:9      | Found a bloodstained altar of Trog.
 11011 | D:9      | Noticed a two-headed ogre
 11119 | D:9      | Found an iron altar of Okawaru.
 11276 | D:9      | Found a blossoming altar of Fedhas.
 11435 | D:9      | Reached skill level 5 in Spellcasting
 11930 | D:9      | Reached skill level 5 in Evocations
 12210 | D:9      | Reached skill level 5 in Fighting
 12249 | D:9      | Killed a two-headed ogre
 12250 | D:9      | Reached skill level 5 in Polearms
 12770 | D:9      | Acquired the +9 glaive "Waxtaczo" {protect, Int+5 SInv}
 12773 | D:9      | Acquired the ring of Jieleint {Fly rPois EV+4}
 12831 | D:9      | Learned a level 4 spell: Cause Fear
 12838 | D:9      | Reached skill level 6 in Polearms
 12861 | D:9      | Reached * piety under Sif Muna
 12862 | D:9      | Reached skill level 5 in Hexes
 12915 | D:9      | Noticed a two-headed ogre
 13021 | D:9      | Reached skill level 7 in Polearms
 13128 | D:10     | Entered Level 10 of the Dungeon
 13133 | D:9      | Reached XP level 10. HP: 57/66 MP: 17/17
 13141 | D:9      | Reached skill level 8 in Polearms
 13303 | D:9      | Reached skill level 9 in Polearms
 13528 | D:9      | Found a stormy altar of Qazlal.
 13529 | D:9      | Found an opulent altar of Gozag.
 13529 | D:9      | Found a bloodstained altar of Trog.
 13717 | D:9      | Found a blossoming altar of Fedhas.
 14054 | D:9      | Found an iron altar of Okawaru.
 14474 | D:9      | Reached skill level 10 in Polearms
 14712 | D:10     | Reached skill level 11 in Polearms
 14714 | D:10     | Noticed an unseen horror
 14825 | D:10     | Identified the +1 hat "Moil" {Stlth+}
 15240 | D:11     | Found a staircase to the Orcish Mines.
 15423 | D:11     | Reached ** piety under Sif Muna
 15436 | D:11     | Found a broken altar of Ashenzari.
 15499 | D:11     | Splashed by an acid dragon's acid

Illustrated notes

Levels and vault maps discovered:
D:1:      dpeg_arrival_brainrot, layout_basic
D:2:      minmay_angry_zag, layout_loops_cross,
          hellmonk_ecumenical_altar_heavens_door
D:3:      layout_loops_cross, lemuel_crystal_altar,
          amcnicky_mini_rare_corridor_liquid
D:4:      layout_loops_ring, doesnt_xom_only_xom
D:5:      layout_basic
D:6:      layout_cave_pods, tso_metal_star, nemelex_diamond_rough_becter,
          lemuel_tele_altar
D:7:      layout_gridville, minmay_temple_entry_nine_rooms,
          nicolae_ossuary_entry_plus
D:8:      layout_rooms, lemuel_crystal_altar, erik_lair_dragon,
          nicolae_straight_to_the_point, uniq_pikel, uniq_joseph, uniq_maggie
D:9:      layout_cave_pods, fedhas_altar_4, okawaru_altar_gauntlet_db,
          chequers_temple_overflow_statue_of_worship
D:10:     layout_loops_cross, uniq_harold
D:11:     layout_stronghold, zombieorc1_lemuel, nicolae_water_bricks,
          nicolae_ashenzari_skybound
Temple:   minmay_temple_curvy_loop

Skill      XL: |  1  2  3  4  5  6  7  8  9 10 |
---------------+-------------------------------+-----
Stealth        | 3 4 5 6 7 |  7.8
Fighting       | 1 2 3 4 5 |  5.0
Dodging        | 3 4 5 |  5.4
Evocations     | 1 2 3 4 5 |  5.0
Spellcasting   | 3 4 5 |  5.0
Hexes          | 2 5 6 |  6.9
Polearms       | 7 11 | 11.5
Conjurations   | |  4.0
Invocations    | |  0.8

Action                   |  1- 3 |  4- 6 |  7- 9 | 10-12 || total
-------------------------+-------+-------+-------+-------++-------
Melee: Unarmed           |    44 |       |       |       ||    44
       Tentacles         |     7 |     3 |    31 |     9 ||    50
       Constrict         |     7 |     4 |    25 |     8 ||    44
       Dagger            |     1 |    20 |   106 |       ||   127
       Glaive            |       |       |    14 |    86 ||   100
       Trident           |       |       |     5 |       ||     5
Throw: Throwing net      |       |       |     2 |       ||     2
 Cast: Magic Dart        |    81 |   144 |   243 |    12 ||   480
       Cause Fear        |       |       |       |     1 ||     1
Evoke: Wand              |       |       |    26 |       ||    26
       Phantom mirror    |       |       |     1 |       ||     1
  Use: Scroll            |     3 |     3 |    13 |     2 ||    21
 Stab: Sleeping          |       |     1 |     3 |     8 ||    12
       Distracted        |       |       |     1 |       ||     1
       Held in net/web   |       |       |     1 |       ||     1
Armor: Skin              |     5 |     9 |    41 |     7 ||    62
Dodge: Dodged            |    29 |    39 |   138 |    51 ||   257
